 Dungeon Crawl Stone Soup version 0.24.0-13-gcf9b3192b9 (webtiles) character file.

Game seed: 11083193187784176199, levelgen mode: deterministic

272 Delamore the Cleaver (level 6, -6/51 HPs)
             Began as a Hill Orc Fighter on Nov 9, 2019.
             Mangled by a gnoll
             ... wielding a +0 flail
              (7 damage)
             ... on level 3 of the Dungeon.
             The game lasted 00:02:53 (1461 turns).

Delamore the Cleaver (Hill Orc Fighter)             Turns: 1461, Time: 00:02:54

Health: -6/51      AC:  8    Str: 21    XL:     6   Next: 23%
Magic:  6/6        EV:  7    Int:  8    God:
Gold:   118        SH:  9    Dex: 10    Spells: 5/5 levels left

rFire    . . .     SeeInvis +   a - +0 war axe
rCold    . . .     Gourm    .   c - +0 shield
rNeg     . . .     Faith    .   b - +0 scale mail
rPois    .         Spirit   .   (no helmet)
rElec    .         Reflect  .   (no cloak)
rCorr    .         Harm     .   (no gloves)
MR       .....     Rnd*Rage +   g - +0 pair of boots
Stlth    ..........             (no amulet)
HPRegen  0.17/turn              (no ring)
MPRegen  0.10/turn              (no ring)

@: no status effects
A: hooves 1, see invisible, berserk 1
a: no special abilities


You were on level 3 of the Dungeon.
You were not hungry.

You visited 1 branch of the dungeon, and saw 3 of its levels.

You collected 118 gold pieces.

Inventory:

Hand Weapons
 a - a +0 war axe (weapon)
Armour
 b - a +0 scale mail (worn)
 c - a +0 shield (worn)
 g - a +0 pair of boots (worn)
Wands
 p - a wand of flame (19)
Scrolls
 h - a scroll of teleportation {unknown}
 i - 3 scrolls of remove curse
 k - a scroll of identify {unknown}
 m - a scroll of fog
 q - a scroll of enchant weapon {unknown}
Potions
 d - a potion of might
 e - a potion of resistance {unknown}
 j - a potion of lignification {unknown}
 l - a potion of mutation
 n - a potion of brilliance {unknown}
 o - a potion of invisibility {unknown}
 r - a potion of flight {unknown}
Comestibles
 f - 9 rations


   Skills:
 - Level 3.6 Fighting
 + Level 8.4 Axes
 - Level 3.2 Armour
 - Level 3.2 Shields


You had 5 spell levels left.
You didn't know any spells.
Your spell library was empty.

Dungeon Overview and Level Annotations

Branches:
Dungeon (3/15)

Altars:
Vehumet


Innate Abilities, Weirdness & Mutations

You have large cloven feet.
You have supernaturally acute eyesight. (SInv)
You tend to lose your temper in combat.


Message History

You block the gnoll's attack.
You barely miss the gnoll.
The gnoll is almost dead.
The gnoll hits you with a +0 flail!
* * * LOW HITPOINT WARNING * * *
Your shield and scale mail prevent you from hitting the gnoll.
The gnoll is almost dead.
The gnoll hits you with a +0 flail.
* * * LOW HITPOINT WARNING * * *
You hit the gnoll but do no damage.
The gnoll is almost dead.
The gnoll barely misses you.
Your scale mail prevents you from hitting the gnoll.
The gnoll is almost dead.
You block the gnoll's attack.
It was a potion of mutation.
You feel extremely strange.
Your vision sharpens.
You feel a little pissed off.
Your feet thicken and deform.
The gnoll hits you with a +0 flail!
You die...

[≈# #≈.....≈## .≈#
#≈....≈## .≈# ##≈§....§#
.§§####§≈§.....#
..≈≈§§≈≈§......#
......§.....r..#
..........≈≈..##
..........≈.g########
............#grg@...#
....≈§........###.......
. ≈#§....##### .......
..§.####..# .......
.........## .......
.....###.# ....... ...
#.####### ####... . .
#.......# #.#
.#.#.......#


You could see 2 gnolls, a hobgoblin and a rat.

Vanquished Creatures
  Sigmund (D:2)
  Jessica (D:2)
  2 gnolls (D:3)
  2 adders (D:2)
  2 worms (D:2)
  A dart slug (D:2)
  3 leopard geckos
  2 orcs (D:3)
  6 bats
  6 giant cockroaches
  5 goblins
  7 hobgoblins
  3 frilled lizards
  4 kobolds
  8 rats
53 creatures vanquished.

Notes
Turn   | Place    | Note
-------+----------+-------------------------------------------
     0 | D:1      | Delamore the Hill Orc Fighter began the quest for the Orb.
     0 | D:1      | Reached XP level 1. HP: 19/19 MP: 1/1
    30 | D:1      | Reached skill level 3 in Axes
    35 | D:1      | Reached XP level 2. HP: 25/26 MP: 2/2
    44 | D:1      | Reached skill level 4 in Axes
   126 | D:1      | Reached XP level 3. HP: 22/31 MP: 3/3
   543 | D:2      | Reached skill level 5 in Axes
   636 | D:2      | Reached XP level 4. HP: 39/39 MP: 4/4
   799 | D:2      | Noticed Jessica
   811 | D:2      | Killed Jessica
   811 | D:2      | Reached skill level 6 in Axes
   875 | D:2      | Found a radiant altar of Vehumet.
   880 | D:2      | Noticed Sigmund
   905 | D:2      | Killed Sigmund
   905 | D:2      | Reached skill level 8 in Axes
   905 | D:2      | Reached XP level 5. HP: 10/45 MP: 5/5
   905 | D:2      | Reached XP level 6. HP: 12/51 MP: 6/6
  1458 | D:3      | HP: 1/51 [gnoll/+0 flail (6)]
  1461 | D:3      | Gained mutation: You have supernaturally acute eyesight.
                  | (SInv) [potion of mutation]
  1461 | D:3      | Gained mutation: You tend to lose your temper in combat.
                  | [potion of mutation]
  1461 | D:3      | Gained mutation: You have large cloven feet. [potion of
                  | mutation]
  1461 | D:3      | Mangled by a gnoll

Levels and vault maps discovered:
D:1:      minmay_arrival_nine_rooms, layout_rooms, minmay_tree_intersection
D:2:      layout_loops_ring, vehumet_crystals, first_ration, uniq_jessica,
          uniq_sigmund
D:3:      layout_loops_cross, kennysheep_decorative_pillar, nrook_loot_triangle,
          minivault_25

Skill      XL: |  1  2  3  4 |
---------------+-------------+-----
Axes           | 3 4 5 8 |  8.4
Fighting       | |  3.6
Armour         | |  3.2
Shields        | |  3.2

Action                   |  1- 3 |  4- 6 || total
-------------------------+-------+-------++-------
Melee: War axe           |    71 |    73 ||   144
Evoke: Wand              |       |     1 ||     1
  Use: Scroll            |       |     2 ||     2
       Potion            |       |     1 ||     1
  Eat: Chunk             |       |     2 ||     2
Armor: Scale mail        |    39 |    31 ||    70
Dodge: Dodged            |    26 |    27 ||    53
Block: Shield            |    40 |    33 ||    73
